 Dungeon Crawl Stone Soup version 0.31.0-9-g3a7656b989 (webtiles) character file.

Game seed: 4574289240706743735

242 qw the Skirmisher (level 5, 0/30 HPs)
             Began as a Deep Elf Hunter on Feb 2, 2024.
             Slain by an ogre
             ... wielding a +0 giant spiked club
              (30 damage)
             ... on level 3 of the Dungeon.
             The game lasted 00:00:07 (1430 turns).

qw the Skirmisher (Deep Elf Hunter)                 Turns: 1430, Time: 00:00:08

Health: 0/30       AC:  5    Str: 10    XL:     5   Next: 82%
Magic:  7/7        EV: 16    Int: 14    God:
Gold:   183        SH:  0    Dex: 18    Spells: 4/4 levels left

rFire   . . .        a - +1 shortbow
rCold   . . .        (shield currently unavailable)
rNeg    . . .        i - +0 ring mail
rPois   .            (no helmet)
rElec   .            (no cloak)
rCorr   .            (no gloves)
SInv    .            (no boots)
Will    .....        (no amulet)
Stlth   +            d - +5 ring of evasion
HPRegen 0.25/turn    (no ring)
MPRegen 0.10/turn

%: no passive effects
@: no status effects
A: no striking features
a: no special abilities


You were on level 3 of the Dungeon.
You visited 1 branch of the dungeon, and saw 3 of its levels.

You collected 183 gold pieces.


   Skills:
 - Level 2.2 Fighting
 + Level 9.0 Ranged Weapons
 - Level 2.4 Dodging
 - Level 1.2 Stealth


You had 4 spell levels left.
You didn't know any spells.
Your spell library was empty.

Inventory:

Hand Weapons
 a - a +1 shortbow (weapon)
Armour
 i - a +0 ring mail (worn)
Jewellery
 d - a +5 ring of evasion (left hand)
Wands
 e - a wand of charming (4)
Scrolls
 b - a scroll of teleportation
Potions
 j - a potion of berserk rage {unknown}
 m - a potion of enlightenment {unknown}

Dungeon Overview and Level Annotations

Branches:
Dungeon (3/15)

Altars:


Message History

You shoot an arrow. The arrow hits the adder!
You kill the adder!
Your Ranged Weapons skill increases to level 9!
An adder comes into view.
You see here an adder corpse.
You shoot an arrow. The arrow hits the adder.
The adder is lightly wounded.
You shoot an arrow. The arrow hits the adder.
The adder is moderately wounded.
You shoot an arrow. The arrow hits the adder.
The adder is severely wounded.
The adder misses you.
You shoot an arrow. The arrow hits the adder!
You kill the adder!
A bombardier beetle comes into view.
You shoot an arrow. The arrow hits the bombardier beetle.
The bombardier beetle is lightly wounded.
You shoot an arrow. The arrow hits the bombardier beetle.
The bombardier beetle is heavily wounded.
You shoot an arrow. The arrow hits the bombardier beetle.
The bombardier beetle is heavily wounded.
You shoot an arrow. The arrow hits the bombardier beetle.
The bombardier beetle is severely wounded.
You shoot an arrow. The arrow hits the bombardier beetle.
You kill the bombardier beetle!
Your Fighting skill increases to level 2!
Found a stone staircase leading up.
Enter note: You open the door.
Found a leather armour.
An ogre comes into view. It is wielding a +0 giant spiked club.
There is an open door here.
You shoot an arrow. The arrow hits the ogre!
The ogre is moderately wounded.
The ogre misses you.
You shoot an arrow. The arrow hits the ogre.
The ogre is moderately wounded.
The ogre hits you with a +0 giant spiked club!!
Ouch! That really hurt!
You die...

#########...
.....[.....
..........#
..........# ..........
.........######
........O...... ...
#@# .....##.########.#
### #.........#......#
#..
#.#...#.#.#.#######
#.#
###.#.#...###...####.#
......%......%.......
...#.....###.#.####.#
#.#######.# #.#.# #.#
#< #.# #.#.####.#


You could see an ogre.

Vanquished Creatures
  A bombardier beetle (D:3)
  A hound (D:3)
  Terence (D:3)
  Natasha (twice) (D:2)
  Ijyb (D:3)
  4 adders
  2 ribbon worms (D:2)
  3 endoplasms
  A giant cockroach (D:3)
  10 goblins
  A hobgoblin (D:1)
  5 kobolds
  3 quokkas (D:1)
  A ball python (D:1)
  6 bats
  3 frilled lizards
  2 rats
47 creatures vanquished.

Notes
Turn   | Place    | Note
-------+----------+-------------------------------------------
     0 | D:1      | qw the Deep Elf Hunter began the quest for the Orb.
     0 | D:1      | Reached XP level 1. HP: 12/12 MP: 3/3
     0 | D:1      | 0 ||| qw: Version: 0.3-a-155-g5e7d8dd
     0 | D:1      | 0 ||| qw: Game counter: 2379
     0 | D:1      | 0 ||| qw: Melee chars always use a shield: true
     0 | D:1      | 0 ||| qw: God list: Okawaru
     0 | D:1      | 0 ||| qw: Allow faded altars: false
     0 | D:1      | 0 ||| qw: Do Orc after clearing Dungeon:15 true
     0 | D:1      | 0 ||| qw: Do second Lair branch before Depths: true
     0 | D:1      | 0 ||| qw: Lair rune preference: random
     0 | D:1      | 0 ||| qw: Goals: Normal
     0 | D:1      | 0 ||| PLANNING D:1-11
    73 | D:1      | Reached skill level 6 in Ranged Weapons
    73 | D:1      | Reached XP level 2. HP: 16/16 MP: 4/4
   534 | D:1      | 534 ||| UPGRADING to +0 ring mail.
   544 | D:1      | 544 ||| DROPPING +0 leather armour.
   545 | D:1      | 545 ||| UPGRADING to +5 ring of evasion.
   546 | D:1      | 546 ||| READING 2 scrolls labelled MYOSCHAA FAPU.
   547 | D:1      | 547 ||| READING scroll labelled TEH PIOFYMISCH.
   648 | D:1      | 648 ||| READING scroll labelled DEITHR KEFEGHOQ.
   649 | D:1      | 649 ||| READING scroll labelled YPUACAQOIZ.
   652 | D:1      | 652 ||| DROPPING scroll of butterflies.
   653 | D:1      | 653 ||| DROPPING scroll of revelation.
   748 | D:2      | Reached XP level 3. HP: 20/20 MP: 5/5
   773 | D:2      | Noticed Natasha
   781 | D:2      | Killed Natasha
   782 | D:2      | Reached skill level 7 in Ranged Weapons
   783 | D:2      | HP: 5/20 [adder (3)]
   897 | D:2      | Reached XP level 4. HP: 25/25 MP: 6/6
   917 | D:2      | Noticed Natasha
   923 | D:2      | Killed Natasha
   991 | D:2      | Reached skill level 8 in Ranged Weapons
  1189 | D:2      | 1189 ||| READING scroll labelled BIYC GYLAXICHO.
  1190 | D:2      | 1190 ||| READING 6 scrolls labelled BUGABL HUOGAE.
  1191 | D:2      | 1191 ||| READING scroll labelled FOOKKAIMET.
  1191 | D:2      | 1191 ||| ENCHANTING +0 shortbow.
  1192 | D:2      | 1192 ||| READING scroll labelled COICZI UPNUR.
  1192 | D:2      | 1192 ||| IDENTIFYING metallic silvery potion
  1193 | D:2      | 1193 ||| DRINKING 2 clear potions.
  1194 | D:2      | 1194 ||| DROPPING potion of attraction.
  1195 | D:2      | 1195 ||| DROPPING 5 scrolls of immolation.
  1211 | D:3      | Noticed Ijyb
  1213 | D:3      | 1213 ||| FLEEEEING.
  1230 | D:3      | Reached XP level 5. HP: 29/29 MP: 7/7
  1234 | D:3      | HP: 7/29 [Ijyb/+0 dagger (3)]
  1235 | D:3      | 1235 ||| READING scroll of teleportation.
  1236 | D:3      | 1236 ||| DRINKING potion of heal wounds.
  1238 | D:3      | Killed Ijyb
  1239 | D:3      | Noticed Terence
  1254 | D:3      | Killed Terence
  1375 | D:3      | Reached skill level 9 in Ranged Weapons
  1428 | D:3      | Noticed an ogre
  1430 | D:3      | Slain by an ogre

Levels and vault maps discovered:
D:1:      grunt_arrival_lava_bath, layout_rooms, minmay_misc_feat_rugged,
          minmay_tall_x
D:2:      layout_rooms, minmay_misc_feat_secret_circle, uniq_natasha
D:3:      layout_basic, uniq_terence, uniq_ijyb

Skill      XL: |  1  2  3  4  5 |
---------------+----------------+-----
Ranged Weapons | 6 7 8 9 |  9.0
Fighting       | 2 |  2.2
Dodging        | |  2.4
Stealth        | |  1.2

Action                     |  1- 3 |  4- 6 || total
---------------------------+-------+-------++-------
   Fire: Shortbow          |    78 |    80 ||   158
    Use: Scroll            |     4 |     5 ||     9
         Potion            |       |     2 ||     2
 Armour: Leather armour    |     5 |       ||     5
         Ring mail         |    14 |    41 ||    55
  Dodge: Dodged            |    22 |    73 ||    95

Table legend:
 A = Non-vault XP
 B = Vault XP
 C = Vault XP percentage of total XP
 D = Non-vault monster count
 E = Vault monster count
 F = Vault count percentage of total count
                 A         B        C        D         E       F
            +---------+---------+-------+---------+---------+-------
      Total |     236 |     111 |  32.0 |      40 |       7 |  14.9
            +---------+---------+-------+---------+---------+-------
        D:1 |      30 |       7 |  18.9 |      17 |       4 |  19.0
        D:2 |      85 |      35 |  29.2 |      14 |       1 |   6.7
        D:3 |     121 |      69 |  36.3 |       9 |       2 |  18.2
            +---------+---------+-------+---------+---------+-------
